 Dungeon Crawl Stone Soup version 0.31-a0-986-g5e6e4ef867 (webtiles) character file.

Game seed: 12696330845106295587

2936 Midn8 the Zephyrmancer (level 9, -23/47 HPs)
             Began as a Vine Stalker Air Elementalist on Oct 28, 2023.
             Was a Believer of Vehumet.
             Annihilated by a shadow (26 damage)
             ... on level 6 of the Dungeon on Nov 5, 2023.
             The game lasted 00:24:35 (8126 turns).

Midn8 the Zephyrmancer (VSAE)                       Turns: 8126, Time: 00:24:36

Health: -23/47     AC:  8    Str:  9 (11) XL:     9   Next: 80%
Magic:  0/16       EV: 11    Int: 16 (19) God:    Vehumet [**....]
Gold:   34         SH:  7    Dex: 18 (21) Spells: 6/16 levels left

rFire   . . .        n - +2 short sword (venom)
rCold   . . .        d - +2 buckler
rNeg    . . .        t - +3 leather armour
rPois   .            q - +2 helmet
rElec   .            (no cloak)
rCorr   .            o - +2 pair of gloves
SInv    .            (no boots)
Will    +....        w - amulet of faith
Stlth   ++           z - ring of wizardry
HPRegen 1.07/turn    f - +6 ring of dexterity
MPRegen 0.15/turn

%: guardian spirit, faith, wizardry (x1)
@: about to teleport, corroded
A: fangs 3, regeneration 1, magic shield, antimagic bite, no potion heal 2
a: Renounce Religion


You were on level 6 of the Dungeon.
You worshipped Vehumet.
Vehumet was pleased with you.
You visited 1 branch of the dungeon, and saw 6 of its levels.

You collected 191 gold pieces.
You spent 157 gold pieces at shops.

Inventory:

Hand Weapons
 n - a +2 short sword of venom (weapon)
Missiles
 i - 10 poisoned darts
 u - 6 curare-tipped darts
Armour
 a - a +0 robe
 d - a +2 buckler (worn)
 o - a +2 pair of gloves (worn)
 q - a +2 helmet (worn)
 t - a +3 leather armour (worn)
Jewellery
 f - a +6 ring of dexterity (right hand)
 g - a ring of poison resistance
 w - an amulet of faith (around neck)
 z - a ring of wizardry (left hand)
 A - a ring of willpower
Wands
 r - a wand of paralysis (10)
 B - a wand of mindburst (14)
Scrolls
 m - a scroll of fear
 y - a scroll of brand weapon
 D - a scroll of vulnerability {unknown}
 E - a scroll of blinking {unknown}
Potions
 b - 2 potions of magic
 c - a potion of cancellation {unknown}
 e - a potion of degeneration
 h - a potion of attraction {unknown}
 j - 2 potions of curing {unknown}
 k - 2 potions of heal wounds {unknown}
 l - 3 potions of mutation
 p - 2 potions of brilliance
 s - 3 potions of invisibility
 C - a potion of ambrosia {unknown}


   Skills:
 - Level 5.0 Fighting
 - Level 2.3 Dodging
 - Level 2.4 Stealth
 - Level 3.0 Shields
 - Level 4.0 Spellcasting
 - Level 6.0 Conjurations
 + Level 2.5 Ice Magic
 - Level 9.0 Air Magic


You had 6 spell levels left.
You knew the following spells:

 Your Spells              Type           Power      Damage    Failure   Level
a - Shock                 Conj/Air       100%       1d9       1%          1
r - Airstrike             Air            16%        2d(3-19)  3%          4
s - Static Discharge      Conj/Air       54%        3-6/arc   1%          2
S - Swiftness             Air            32%        N/A       1%          3

Your spell library contained the following spells:

 Spells                   Type           Power      Damage    Failure   Level
 Kiss of Death            Conj/Necr      48%        2d9       4%          1
 Magic Dart               Conj           88%        1d7       1%          1
 Cigotuvi's Dreadful Rot  Necr/Pois/Air  24%        N/A       6%          2
 Mephitic Cloud           Conj/Pois/Air  19%        N/A       6%          3
 Call Imp                 Summ           6%         N/A       21%         2
 Freezing Cloud           Conj/Ice/Air   10%        6-21      32%         5
 Ignite Poison            Fire/Tmut/Pois 3%         N/A       38%         3
 Dispel Undead            Necr           3%         3d7       77%         4
 Death Channel            Necr           1%         N/A       100%        6


Dungeon Overview and Level Annotations

Branches:
Dungeon (6/15)
 Temple: D:4-7

Altars:
Dithmenos
Uskayaw
Vehumet
Yredelemnul

Shops:
D:2 [


Innate Abilities, Weirdness & Mutations

You have razor-sharp teeth.
Your natural rate of healing is unusually fast.
When hurt, damage is shared between your health and your magic reserves.
Your bite disrupts and absorbs the magic of your enemies.
Potions cannot restore your health.


Message History

You hit the jelly. The acid corrodes you!
Your hands burn!
You bite the jelly.
You kill the jelly!
Vehumet accepts your kill.
The shadow strikes at you from the darkness!
Reactivating autopickup.
You block the shadow's attack.
Casting: Static Discharge (safe; 1% risk of failure)
Confirm with . or Enter, or press ? or * to list all spells.
The shadow is struck by an arc of lightning.
The shadow is lightly damaged.
You are struck by an arc of lightning.
The shadow is struck by an arc of lightning.
The shadow is moderately damaged.
You are struck by an arc of lightning.
The shadow slips into darkness.
The shadow flickers and vanishes!
Deactivating autopickup; reactivate with Ctrl-A.
Unknown command.
Casting: Static Discharge (safe; 1% risk of failure)
Confirm with . or Enter, or press ? or * to list all spells.
Okay, then.
It was a potion of degeneration.
There was something very wrong with that liquid.
You feel weakened.
You feel dopey.
You feel clumsy.
An orc comes into view. It is wielding a +0 short sword.
The shadow strikes at you from the darkness!
Ouch! That really hurt!
* * * LOW HITPOINT WARNING * * *
Reactivating autopickup.
The orc shouts!
As you read the scroll of teleportation, it crumbles to dust.
You feel strangely unstable.
You hear a shout!
The shadow slips into darkness.
The shadow flickers and vanishes!
Deactivating autopickup; reactivate with Ctrl-A.
Unknown command.
The shadow strikes at you from the darkness!
Ouch! That really hurt!
You die...

####.##.##.####.#
......#.##.# #.#
####..#.##.####.#########
#......................
#.####.....####.######.
#. ##...##.(#.# #.
##.##..Y#†#####... #.
#.#{JO##.o.)..... #.
+#.#'5##@.#.##)...
....###...###{....# .
......8........##
..###...###...## +#.#+
##..# #. ##.# #. #... ..
#.### .. .#


You could see an orc.

Vanquished Creatures
  Pikel (D:5)
  Grinder (D:5)
  A steam dragon (D:5)
  Edmund (D:5)
  Menkaure (D:4)
  A sky beast (D:6)
  2 black bears
  An ice beast (D:6)
  An ogre (D:4)
  2 centaurs
  A phantom (D:5)
  A bullfrog (D:6)
  4 scorpions
  A jelly (D:6)
  6 hounds
  2 gnoll boudas
  3 orc priests
  Ijyb (D:3)
  4 iguanas
  6 orc wizards
  Robin (D:2)
  9 gnolls
  4 adders
  2 ufetubi (D:5)
  4 worms
  2 dart slugs
  24 orcs
  11 ball pythons
  9 endoplasms
  4 giant cockroaches
  22 goblins
  11 hobgoblins
  7 jackals
  4 quokkas
  13 bats
  5 frilled lizards
  8 kobolds
  5 rats
186 creatures vanquished.

Notes
Turn   | Place    | Note
-------+----------+-------------------------------------------
     0 | D:1      | Midn8 the Vine Stalker Air Elementalist began the quest for
                  | the Orb.
     0 | D:1      | Reached XP level 1. HP: 9/9 MP: 4/4
   233 | D:1      | Reached XP level 2. HP: 13/13 MP: 4/6
   651 | D:1      | Learned a level 2 spell: Static Discharge
   756 | D:1      | Reached XP level 3. HP: 16/16 MP: 7/9
  1250 | D:1      | Upgraded the game from 0.31-a0-971-g75a2e9a4b4 to
                  | 0.31-a0-986-g5e6e4ef867
  1777 | D:2      | Reached XP level 4. HP: 21/21 MP: 3/11
  2284 | D:2      | Noticed Robin
  2307 | D:2      | Killed Robin
  2596 | D:2      | Found Qomym's Antique Armour Shop.
  2656 | D:3      | Noticed Ijyb
  2668 | D:3      | Killed Ijyb
  2669 | D:3      | Reached XP level 5. HP: 17/24 MP: 1/12
  4232 | D:4      | Reached skill level 4 in Air Magic
  4232 | D:4      | Reached XP level 6. HP: 27/28 MP: 5/13
  4241 | D:4      | Reached skill level 1 in Fighting
  4302 | D:4      | Found a hide-covered altar of Uskayaw.
  4304 | D:4      | Found a basalt altar of Yredelemnul.
  4708 | D:2      | Bought a pair of runed gloves for 157 gold pieces
  5008 | D:4      | Found a radiant altar of Vehumet.
  5043 | D:4      | Became a worshipper of Vehumet
  5155 | D:4      | Reached XP level 7. HP: 36/36 MP: 10/14
  5316 | D:4      | Noticed Menkaure
  5325 | D:4      | Killed Menkaure
  5326 | D:4      | Reached skill level 5 in Air Magic
  5421 | D:4      | Learned a level 3 spell: Swiftness
  5436 | D:4      | Found a shadowy altar of Dithmenos.
  5751 | D:5      | Entered Level 5 of the Dungeon
  5924 | D:5      | Reached skill level 6 in Air Magic
  6034 | D:5      | Reached * piety under Vehumet
  6034 | D:5      | Offered knowledge of Sandblast by Vehumet.
  6157 | D:5      | Learned a level 4 spell: Airstrike
  6204 | D:5      | Gained mutation: You have razor-sharp teeth. [Vine Stalker
                  | growth]
  6204 | D:5      | Reached XP level 8. HP: 40/40 MP: 10/15
  6208 | D:5      | Reached skill level 7 in Air Magic
  6374 | D:5      | Noticed Pikel
  6388 | D:5      | Killed Pikel
  6389 | D:5      | Reached skill level 8 in Air Magic
  6636 | D:5      | Reached skill level 9 in Air Magic
  6892 | D:5      | Reached XP level 9. HP: 46/46 MP: 4/16
  6986 | D:5      | Noticed Edmund
  6995 | D:5      | Killed Edmund
  6996 | D:5      | Reached skill level 5 in Fighting
  7166 | D:5      | Reached skill level 5 in Conjurations
  7404 | D:5      | Noticed Grinder
  7411 | D:5      | Paralysed by Grinder for 4 turns
  7415 | D:5      | Killed Grinder
  7781 | D:6      | Reached skill level 1 in Shields
  7951 | D:6      | Reached ** piety under Vehumet
  7971 | D:6      | Offered knowledge of Kiss of Death by Vehumet.
  8044 | D:6      | Reached skill level 1 in Ice Magic
  8115 | D:6      | Noticed a two-headed ogre
  8124 | D:6      | HP: 1/47 [something (27)]
  8126 | D:6      | Annihilated by a shadow

Illustrated notes

Levels and vault maps discovered:
D:1:      minmay_arrival_doors, layout_loops_ring, bh_walls_and_bars
D:2:      layout_rooms, serial_shops, nicolae_shop_advertising_works
          [nicolae_subvault_shop_adworks], minmay_between, uniq_robin
D:3:      layout_loops_corners, uniq_ijyb
D:4:      layout_basic, nicolae_overflow_hidden_temple,
          mainiacjoe_overflow_24_doors, small_statue_intersection, uniq_menkaure
D:5:      layout_basic, st_stairs_5, kennysheep_generic_room_9, uniq_pikel,
          uniq_grinder, uniq_edmund
D:6:      cheibrodos_barr_body, layout_loops_ring, minmay_temple_entry_grid

Skill      XL: |  1  2  3  4  5  6  7  8  9 |
---------------+----------------------------+-----
Spellcasting   | 3 4 |  4.0
Conjurations   | 3 4 6 |  6.0
Air Magic      | 4 6 9 |  9.0
Fighting       | 3 4 5 |  5.0
Dodging        | 2 |  2.3
Shields        | 3 |  3.0
Ice Magic      | 2 |  2.5
Stealth        | |  2.4

Action                     |  1- 3 |  4- 6 |  7- 9 || total
---------------------------+-------+-------+-------++-------
  Melee: Unarmed           |     1 |       |       ||     1
         Short sword       |       |    35 |    59 ||    94
         Bite              |       |    11 |    20 ||    31
   Cast: Shock             |    91 |   128 |   147 ||   366
         Static Discharge  |       |     8 |    27 ||    35
         Airstrike         |       |       |     3 ||     3
    Use: Scroll            |       |     5 |     6 ||    11
         Potion            |       |       |     1 ||     1
   Stab: Sleeping          |       |       |     2 ||     2
 Armour: Robe              |     6 |    16 |       ||    22
         Leather armour    |       |     7 |   104 ||   111
  Dodge: Dodged            |     9 |    20 |    36 ||    65
  Block: Buckler           |     4 |    12 |    34 ||    50

Table legend: (Time is in decaauts)
 A = Elapsed time spent in this place.
 B = Non-inter-level travel time spent in this place.
 C = Inter-level travel time spent in this place.
 D = Time resting spent in this place.
 E = Time spent auto-exploring this place.
 F = Levels seen in this place.
 G = Mean time per level.
                   A        B        C        D        E       F      G
               +--------+--------+--------+--------+--------+-----+--------+
         Total |   8134 |   7581 |    553 |   3400 |   3121 |   6 | 1355.7 |
       Dungeon |   8134 |   7581 |    553 |   3400 |   3121 |   6 | 1355.7 |
               +--------+--------+--------+--------+--------+-----+--------+

Top non-repeatable levels by time:
     D:4: 1853 daAuts
     D:5: 1715 daAuts
     D:3: 1461 daAuts
     D:2: 1404 daAuts
     D:1: 1345 daAuts
     D:6: 355 daAuts
